[Event "Titled Tuesday Blitz October 04 Early 2022"]
[White "Shimanov, Aleksandr"]
[Black "Boros, Denes"]
[WhiteFideId "4198603"]
[BlackFideId "722340"]
[WhiteElo "2605"]
[BlackElo "2464"]
[Result "1-0"]
[Round "07"]
[TimeControl "180+1"]
[Date "2022.10.04"]
[WhiteClock "0:00:06"]
[BlackClock "0:00:05"]

1. e4 c5 2. Nf3 e6 3. g3 Nc6 4. Bg2 Nf6 5. d3 d6 6. O-O Be7 7. c3 O-O 8. Re1 e5 9. h3 Re8 10. d4 exd4 11. cxd4 cxd4 12. Nxd4 Bf8 13. Nc3 a6 14. Nxc6 bxc6 15. e5 dxe5 16. Bxc6 Bd7 17. Bxa8 Qxa8 18. Kh2 h6 19. Be3 Bc6 20. Rc1 Bf3 21. Qa4 Rb8 22. Qc2 Qb7 23. b3 Ba3 24. Rb1 Rc8 25. Qd3 Bb4 26. Rbc1 Ba3 27. Rc2 e4 28. Qd4 Re8 29. Na4 Qb5 30. Nc5 Bb4 31. Rb1 a5 32. Qc4 Qb8 33. Na6 Qe5 34. Nxb4 axb4 35. Qc5 Qe6 36. Rd2 Rc8 37. Qb5 h5 38. Bg5 h4 39. Bxh4 e3 40. fxe3 Ne4 41. Rbb2 g5 42. Bxg5 Nxd2 43. Rxd2 Qg6 44. g4 Bc6 45. Qe5 Re8 46. Qf6 Qxf6 47. Bxf6 Rxe3 48. Bd4 Re4 49. Bc5 Kh7 50. Kg1 Rf4 51. Rf2 Re4 52. Rxf7+ Kg6 53. Rf2 Bb5 54. Kg2 Bc6 55. Kg3 Re5 56. Bxb4 Rd5 57. Rd2 1-0


[Site "https://www.chess.com"]

[Event "Titled Tuesday Blitz October 04 Early 2022"]
[White "Tang, Andrew"]
[Black "Zhao, Jun"]
[WhiteFideId "2059630"]
[BlackFideId "8602522"]
[WhiteElo "2581"]
[BlackElo "2547"]
[Result "1-0"]
[Round "07"]
[TimeControl "180+1"]
[Date "2022.10.04"]
[WhiteClock "0:00:09"]
[BlackClock "0:00:01"]

1. d4 d5 2. Bf4 Nf6 3. e3 e6 4. Nf3 Bd6 5. Nbd2 c5 6. c3 b6 7. Bb5+ Bd7 8. Bxd6 Bxb5 9. dxc5 Na6 10. Nd4 Bd7 11. cxb6 Qxb6 12. Ba3 e5 13. N4f3 e4 14. Ne5 Nc5 15. Nb3 Nxb3 16. axb3 Bb5 17. c4 Ba6 18. O-O Rd8 19. Qc2 h5 20. Rfd1 h4 21. h3 Rh5 22. Qc3 Rg5 23. Bb4 Qe6 24. f4 exf3 25. Nxf3 Rg3 26. Qe5 Bb7 27. Qxe6+ fxe6 28. Rxa7 Rb8 29. Bd6 1-0


[Site "https://www.chess.com"]

[Event "Titled Tuesday Blitz October 04 Early 2022"]
[White "Timofeev, Artyom"]
[Black "Girel, Joseph"]
[WhiteFideId "4140419"]
[BlackFideId "36033561"]
[WhiteElo "2579"]
[BlackElo "2281"]
[Result "0-1"]
[Round "07"]
[TimeControl "180+1"]
[Date "2022.10.04"]
[WhiteClock "0:00:01"]
[BlackClock "0:00:10"]

1. e4 e5 2. Nf3 Nc6 3. Bb5 Nf6 4. O-O Nxe4 5. d4 Nd6 6. Bxc6 dxc6 7. dxe5 Nf5 8. Qxd8+ Kxd8 9. Nc3 Be7 10. h3 Nh4 11. Rd1+ Ke8 12. Nd4 Nf5 13. Nce2 Nxd4 14. Nxd4 h5 15. Bf4 h4 16. e6 Bxe6 17. Nxe6 fxe6 18. Bxc7 Rh5 19. c4 Rc8 20. Bf4 Rf5 21. Be3 a6 22. b3 Rd8 23. Kf1 Bc5 24. Rxd8+ Kxd8 25. Re1 Bxe3 26. Rxe3 Kd7 27. Ke2 Kd6 28. Re4 g5 29. Ke3 e5 30. g3 hxg3 31. fxg3 Ke6 32. Rg4 Kf6 33. Ke2 Ke6 34. a4 a5 35. h4 gxh4 36. gxh4 Kf6 37. Rg1 Rf4 38. Rh1 Kg6 39. h5+ Kh6 40. Ke3 Rg4 41. Rh3 Rf4 42. Kd3 Rd4+ 43. Ke3 Rg4 44. Kf3 Rd4 45. Ke3 Rg4 46. Rh1 Rg3+ 47. Ke4 Rxb3 48. Kxe5 Rb4 49. c5 Rxa4 50. Kd6 Rb4 51. Kc7 a4 52. Rh3 Rb3 53. Rh4 a3 54. Kd6 a2 55. Ra4 Rb2 56. Kc7 Kxh5 57. Kd6 Kg5 58. Kc7 Kg6 59. Kd7 Kf6 60. Kd6 Rd2+ 61. Kc7 Ke6 62. Kxb7 Kd5 63. Ra5 Rb2+ 64. Kc7 Rc2 65. Kb6 Rg2 66. Kc7 Rh2 67. Kb6 Rc2 68. Ra3 Rb2+ 69. Kc7 Kxc5 70. Ra5+ Kb4 71. Ra8 Kb3 72. Kxc6 Kc2 73. Kc5 Kb1 74. Kc4 a1=Q 0-1


[Site "https://www.chess.com"]

[Event "Titled Tuesday Blitz October 04 Early 2022"]
[White "Tsaruk, Maksim"]
[Black "Beerdsen, Thomas"]
[WhiteFideId "13511173"]
[BlackFideId "1030108"]
[WhiteElo "2273"]
[BlackElo "2567"]
[Result "1-0"]
[Round "07"]
[TimeControl "180+1"]
[Date "2022.10.04"]
[WhiteClock "0:00:06"]
[BlackClock "0:00:05"]

1. e4 e5 2. Nf3 Nc6 3. Bb5 f5 4. d3 fxe4 5. dxe4 Nf6 6. O-O d6 7. Qd3 Be7 8. Bc4 Na5 9. Nc3 c6 10. Bg5 b5 11. Bb3 b4 12. Ne2 Qb6 13. Bxf6 Ba6 14. Qd2 gxf6 15. Rfd1 O-O-O 16. Ng3 d5 17. exd5 Nxb3 18. axb3 cxd5 19. Ra2 Bb7 20. Rda1 a6 21. Qe2 Qb5 22. Qxb5 axb5 23. Ra5 Kc7 24. Rxb5 Ra8 25. Rba5 Rxa5 26. Rxa5 Kb6 27. Ra1 Rc8 28. Nf5 Bf8 29. Ne3 Bh6 30. Ne1 Bxe3 31. fxe3 h5 32. Kf2 h4 33. Ke2 Ba6+ 34. Kd2 Rg8 35. Ra4 Bf1 36. Rxb4+ Kc5 37. Rxh4 Bxg2 38. Rh6 f5 39. Nd3+ Kb5 40. Nxe5 Be4 41. Nd3 Rg2+ 42. Kc3 Re2 43. h4 Rxe3 44. h5 Rh3 45. Rh8 f4 46. h6 f3 47. Kd4 Bxd3 48. cxd3 f2 49. Rf8 Kb4 50. Rxf2 Rxh6 51. Kxd5 Rh5+ 52. Ke4 Kxb3 53. d4 Rh4+ 54. Rf4 Rh2 55. Rf3+ Kc4 56. b3+ Kb5 57. Ke5 Rh5+ 58. Rf5 Rh4 59. Kd6+ Kb6 60. d5 Rh6+ 61. Ke5 Kc5 62. b4+ Kxb4 63. d6 Kc5 64. d7 Rd6 65. Rf7 Kc6 66. Rf6 Rxf6 67. d8=Q Rf2 68. Qe8+ Kb6 69. Qb8+ Ka6 70. Qd6+ Kb7 71. Qd7+ Kb8 72. Qb5+ Ka8 73. Qa6+ Kb8 74. Qb6+ Ka8 75. Qxf2 1-0


[Site "https://www.chess.com"]

[Event "Titled Tuesday Blitz October 04 Early 2022"]
[White "Urazayev, Arystanbek"]
[Black "Terry, Renato"]
[WhiteFideId "13709810"]
[BlackFideId "3803457"]
[WhiteElo "2441"]
[BlackElo "2577"]
[Result "0-1"]
[Round "07"]
[TimeControl "180+1"]
[Date "2022.10.04"]
[WhiteClock "0:00:03"]
[BlackClock "0:00:23"]

1. d4 d5 2. c4 dxc4 3. e4 Nc6 4. Nf3 Bg4 5. Be3 e5 6. d5 Nce7 7. Bxc4 a6 8. d6 Qxd6 9. Bxf7+ Kxf7 10. Ng5+ Ke8 11. Qxg4 Nf6 12. Qh3 h6 13. Nc3 Qd7 14. Ne6 Kf7 15. Ng5+ hxg5 16. Qxh8 Ng6 17. Qh3 g4 18. Qg3 Nh5 19. Rd1 Qe6 20. f4 Nxg3 21. f5 Nxf5 22. exf5 Qxf5 23. Rf1 Nf4 24. g3 Bd6 25. gxf4 Kg8 26. fxe5 Qxe5 27. Kd2 Qxh2+ 28. Kc1 Re8 29. Bd4 g3 30. Kb1 Rf8 31. Rg1 Rf3 32. Ka1 Qh4 33. Nd5 Qg5 34. Bc3 Rf5 35. Nb4 g2 36. Nc2 Bh2 37. Nd4 Bxg1 38. Nxf5 Qxf5 0-1


[Site "https://www.chess.com"]

[Event "Titled Tuesday Blitz October 04 Early 2022"]
[White "Vignesh, N R"]
[Black "Bluebaum, Matthias"]
[WhiteFideId "25012215"]
[BlackFideId "24651516"]
[WhiteElo "2386"]
[BlackElo "2633"]
[Result "1-0"]
[Round "07"]
[TimeControl "180+1"]
[Date "2022.10.04"]
[WhiteClock "0:00:11"]
[BlackClock "0:00:07"]

1. d4 Nf6 2. c4 e6 3. Nf3 d5 4. g3 Bb4+ 5. Bd2 a5 6. Bg2 O-O 7. Qc2 c5 8. cxd5 cxd4 9. Nxd4 Qb6 10. e3 exd5 11. O-O Nc6 12. Nxc6 bxc6 13. Rc1 Rb8 14. Qxc6 Bxd2 15. Qxb6 Rxb6 16. Nxd2 Rxb2 17. Nb3 a4 18. Nc5 a3 19. h3 Bf5 20. Rc3 Rc8 21. g4 Be6 22. Na4 Rxc3 23. Nxc3 h5 24. gxh5 Ne4 25. Bxe4 dxe4 26. Nb1 Bc4 27. Nxa3 Bd3 28. Rc1 Rxa2 29. Nc4 Ra7 30. Ne5 Be2 31. Ng4 f5 32. Ne5 Bxh5 33. Kh2 Re7 34. Rc5 g5 35. h4 gxh4 36. Kh3 Be2 37. Kxh4 Rg7 38. Rc8+ Kh7 39. Rf8 Bg4 40. Nxg4 Rxg4+ 41. Kh5 Rg1 42. Rf7+ Kg8 43. Rxf5 Rh1+ 44. Kg4 Kg7 45. Kf4 Rh4+ 46. Ke5 Kg6 47. Rf6+ Kg5 48. Rf5+ Kg6 49. Rf4 Rh8 50. Kxe4 Re8+ 51. Kf3 Ra8 52. e4 Ra3+ 53. Kg4 Ra8 54. Rf5 Kh7 55. f3 Kh8 56. Kf4 Ra7 57. e5 Ra4+ 58. Kg5 Ra6 59. Rf6 Ra7 60. f4 Kg8 61. Kf5 Rb7 62. e6 Rc7 63. Ke5 Rc5+ 64. Kd6 Rc8 65. e7 Kh7 66. Rf8 Rc1 67. e8=Q Rd1+ 68. Kc5 Rc1+ 69. Kb4 Rb1+ 70. Kc3 Rc1+ 71. Kd2 Rd1+ 72. Kxd1 Kh6 73. Rg8 Kh7 74. Qg6# 1-0


[Site "https://www.chess.com"]

[Event "Titled Tuesday Blitz October 04 Early 2022"]
[White "Vlassov, Nikolai"]
[Black "Tin, Jingyao"]
[WhiteFideId "4103360"]
[BlackFideId "5804418"]
[WhiteElo "2324"]
[BlackElo "2462"]
[Result "0-1"]
[Round "07"]
[TimeControl "180+1"]
[Date "2022.10.04"]
[WhiteClock "0:00:21"]
[BlackClock "0:00:54"]

1. e4 e5 2. Bc4 Nf6 3. d3 Nc6 4. Nf3 Bc5 5. Bg5 h6 6. Bh4 d6 7. Nc3 g5 8. Bg3 Nh5 9. Nxe5 Nxg3 10. Nxc6 Qf6 11. d4 Nxh1 12. Qd2 bxc6 13. dxc5 Rb8 14. O-O-O Qxf2 15. Rxh1 Qxd2+ 16. Kxd2 Be6 17. Bxe6 fxe6 18. cxd6 cxd6 19. b3 Ke7 20. Ke3 Rhf8 21. h4 gxh4 22. Rxh4 Rh8 23. e5 d5 24. Ra4 Rb7 25. Ra6 Rc7 26. Na4 Rg8 27. Kf3 Rg5 28. Nc5 Rxe5 29. b4 Kd6 30. a4 Rf7+ 31. Kg3 Rg5+ 32. Kh3 Rfg7 33. g4 Rxg4 34. Nd3 Rg3+ 35. Kh2 Rg2+ 36. Kh3 Rxc2 37. b5 Rc3 0-1


[Site "https://www.chess.com"]

[Event "Titled Tuesday Blitz October 04 Early 2022"]
[White "Vokhidov, Shamsiddin"]
[Black "Yuan, Qingyu"]
[WhiteFideId "14204223"]
[BlackFideId "8609772"]
[WhiteElo "2619"]
[BlackElo "2359"]
[Result "1-0"]
[Round "07"]
[TimeControl "180+1"]
[Date "2022.10.04"]
[WhiteClock "0:00:14"]
[BlackClock "0:00:03"]

1. e4 c6 2. d4 d5 3. exd5 cxd5 4. Bd3 Nc6 5. c3 Nf6 6. h3 e5 7. dxe5 Nxe5 8. Qe2 Ne4 9. Bxe4 dxe4 10. Qxe4 Bd6 11. Nf3 O-O 12. Nxe5 Bxe5 13. O-O Re8 14. Qf3 Qc7 15. Be3 Bd7 16. Nd2 Bc6 17. Qh5 Re6 18. Nf3 g6 19. Qg4 h5 20. Qc4 b5 21. Qe2 Rae8 22. Nxe5 Qxe5 23. Qd3 Be4 24. Qd4 Qf5 25. f3 Bc6 26. Rae1 a6 27. Bh6 f6 28. Rxe6 Qxe6 29. Bd2 Qe5 30. Qb6 Qd5 31. Be3 Kf7 32. Bd4 g5 33. Qxa6 g4 34. hxg4 hxg4 35. Qa7+ Kg6 36. Qc7 Re2 37. Qg3 Rxb2 38. Qxg4+ Qg5 39. Qxg5+ fxg5 40. Rf2 Rb1+ 41. Kh2 Bd5 42. Bc5 Bc4 43. Rd2 Rc1 44. Bb4 Rb1 45. a3 Re1 46. Kg3 Re6 47. Rd6 Kf5 48. Rxe6 Bxe6 49. Kf2 Bc4 50. g4+ Kf6 51. Ke3 Bb3 52. Bc5 Bd1 53. Bd4+ Kg6 54. Bb6 Kh6 55. Bd8 Kg6 56. f4 gxf4+ 57. Kxf4 Be2 58. g5 Bd3 59. Ke5 Kf7 60. Kd4 Bc2 61. Kc5 Bd3 62. Kb4 Ke6 63. a4 bxa4 64. Kxa4 Kd5 65. Kb4 Be4 66. c4+ Kc6 67. c5 Bf5 68. Kc4 Bb1 69. Kd4 Kd7 70. Ba5 Kc6 71. Bb4 Kd7 72. Ke5 Kc6 73. Kf6 Kb5 74. g6 Ba2 75. g7 Kc6 76. Ke7 Kb5 77. Kf8 Kxb4 78. c6 Be6 79. c7 Kc5 80. c8=Q+ Bxc8 81. g8=Q Kc6 82. Ke7 Kc7 83. Qd8+ Kb7 84. Kd6 Kb8 85. Qc7+ Ka8 86. Kc6 Ba6 87. Kb6 1-0


[Site "https://www.chess.com"]

[Event "Titled Tuesday Blitz October 04 Early 2022"]
[White "Zhu, Jiner"]
[Black "Kamsky, Gata"]
[WhiteFideId "8608059"]
[BlackFideId "2000024"]
[WhiteElo "2384"]
[BlackElo "2666"]
[Result "0-1"]
[Round "07"]
[TimeControl "180+1"]
[Date "2022.10.04"]
[WhiteClock "0:00:03"]
[BlackClock "0:00:09"]

1. c4 Nf6 2. Nc3 g6 3. e4 d6 4. d4 Bg7 5. Nf3 O-O 6. Be2 c6 7. O-O a6 8. a4 a5 9. Be3 Na6 10. h3 e5 11. d5 Re8 12. dxc6 bxc6 13. c5 d5 14. exd5 cxd5 15. Bg5 Nxc5 16. Bb5 Re6 17. Bxf6 Bxf6 18. Nxd5 Bb7 19. Nxf6+ Qxf6 20. Rc1 Rd8 21. Qe2 e4 22. Nh2 Nd3 23. Rc7 Ba8 24. Ng4 Qf4 25. Ra7 h5 26. Ne3 Qg5 27. Qc2 Rf6 28. Qc7 Rf8 29. Qg3 Qc5 30. Rc7 Qd4 31. Qg5 Qe5 32. Qxe5 Nxe5 33. Rd1 h4 34. Rd4 Rb6 35. Re7 Nc6 36. Rd6 Rxb5 37. Rxc6 Rxb2 38. Rcc7 Rb4 39. Ng4 Kg7 40. Ne5 Bd5 41. Rcd7 Bb3 42. Rc7 Rxa4 43. Nd7 Rc4 44. Ra7 Rd8 45. Ne5 Rc1+ 46. Kh2 a4 47. Nxf7 Rdd1 48. Ng5+ Kf6 49. Nxe4+ Kf5 50. g4+ Kf4 51. Kg2 Rg1+ 52. Kh2 Rh1+ 53. Kg2 Rcg1# 0-1


[Site "https://www.chess.com"]

[Event "Titled Tuesday Blitz October 04 Early 2022"]
[White "Andreikin, Dmitry"]
[Black "Martinez Alcantara, Jose Eduardo"]
[WhiteFideId "4158814"]
[BlackFideId "3805662"]
[WhiteElo "2736"]
[BlackElo "2703"]
[Result "1/2-1/2"]
[Round "08"]
[TimeControl "180+1"]
[Date "2022.10.04"]
[WhiteClock "0:00:04"]
[BlackClock "0:00:05"]

1. Nf3 d5 2. g3 Bg4 3. Bg2 c6 4. O-O Nd7 5. d3 Ngf6 6. Nbd2 e6 7. e4 Be7 8. h3 Bh5 9. Qe1 dxe4 10. dxe4 e5 11. Nh4 Bg6 12. Nxg6 hxg6 13. Qe2 Qc7 14. Nf3 O-O 15. h4 Rad8 16. Ng5 Qb6 17. Bf3 Nc5 18. Kg2 Na4 19. Rh1 Qb5 20. c4 Qb6 21. h5 gxh5 22. Bxh5 Qd4 23. Be3 Qd3 24. Qf3 Nxb2 25. Rh3 Nxc4 26. Rah1 Nxe3+ 27. Qxe3 g6 28. Bxg6 fxg6 29. Rh8+ Kg7 30. Rxf8 Bxf8 31. Ne6+ Kg8 32. Nxd8 Qxd8 33. Qg5 Kf7 34. Qxe5 Qe7 35. Qxe7+ Bxe7 36. e5 Nd5 37. f4 c5 38. Kf3 c4 39. Ke4 Nc3+ 40. Kd4 Ne2+ 41. Kxc4 Nxg3 42. Rh7+ Ke6 43. Rg7 Nh5 44. Rxg6+ Kf5 45. Rg8 Nxf4 46. Rb8 b6 47. Rb7 Bc5 48. Rxa7 Kxe5 49. a4 Ne6 50. Rb7 Kd6 51. Rh7 Nc7 52. Rh6+ Ne6 53. Rg6 Be3 54. Rg3 Bc5 55. Rg6 Be3 56. Rf6 Bc5 57. Rh6 Ke5 58. Rh5+ Kd6 59. Rh6 Ke5 60. Rh5+ Kd6 61. Rh6 1/2-1/2


[Site "https://www.chess.com"]

[Event "Titled Tuesday Blitz October 04 Early 2022"]
[White "Bacrot, Etienne"]
[Black "Tsaruk, Maksim"]
[WhiteFideId "605506"]
[BlackFideId "13511173"]
[WhiteElo "2666"]
[BlackElo "2273"]
[Result "1/2-1/2"]
[Round "08"]
[TimeControl "180+1"]
[Date "2022.10.04"]
[WhiteClock "0:00:09"]
[BlackClock "0:00:07"]

1. e4 e5 2. Nf3 Nc6 3. Bb5 a6 4. Ba4 Nf6 5. O-O Be7 6. Re1 b5 7. Bb3 O-O 8. a4 Bb7 9. d3 d5 10. exd5 Nxd5 11. Nc3 Nxc3 12. bxc3 Bf6 13. Nd2 Na5 14. Ba2 Qd7 15. Ne4 Bxe4 16. Rxe4 Nb7 17. Re1 Rfd8 18. Qf3 c6 19. Be3 Nd6 20. Bc5 Re8 21. Bb3 Nb7 22. Bb6 Qd6 23. g4 Re7 24. Be3 Rae8 25. axb5 axb5 26. Red1 h6 27. Ra6 e4 28. dxe4 Qc7 29. e5 Qxe5 30. Rxc6 Na5 31. Rc5 Qe4 32. Qxe4 Rxe4 33. h3 Nc4 34. Bxc4 bxc4 35. Bd4 Bg5 36. Rxc4 Re2 37. Kg2 Rxc2 38. Rb1 Re7 39. Rc5 Be3 40. Bxe3 Rxe3 41. Rb8+ Kh7 42. Rb7 Rexc3 43. Rxc3 Rxc3 44. Rxf7 Kg6 45. Rf3 Rc6 46. Kg3 Kh7 47. Re3 Rf6 48. h4 h5 49. gxh5 Rf5 50. f4 Rxh5 51. Kg4 Ra5 52. Re5 Ra6 53. h5 Rb6 54. Kg5 Ra6 55. Re7 Rb6 56. f5 Ra6 57. Rf7 Rb6 58. Re7 Ra6 59. Re6 Ra7 60. h6 gxh6+ 61. Rxh6+ Kg7 62. f6+ Kg8 63. Kg6 Rg7+ 64. Kf5 Rg1 65. Rh5 Kf8 66. Rh8+ Kf7 67. Rh7+ Kf8 68. Rh6 Rf1+ 69. Kg6 Rg1+ 70. Kf5 Rf1+ 71. Kg4 Rg1+ 72. Kf4 Rf1+ 73. Ke5 Re1+ 74. Kf5 Rf1+ 1/2-1/2


[Site "https://www.chess.com"]

[Event "Titled Tuesday Blitz October 04 Early 2022"]
[White "Batsuren, Dambasuren"]
[Black "Jobava, Baadur"]
[WhiteFideId "4902920"]
[BlackFideId "13601520"]
[WhiteElo "2422"]
[BlackElo "2582"]
[Result "0-1"]
[Round "08"]
[TimeControl "180+1"]
[Date "2022.10.04"]
[WhiteClock "0:00:01"]
[BlackClock "0:00:53"]

1. d4 Nf6 2. c4 c5 3. d5 g6 4. Nc3 Bg7 5. g3 d6 6. Bg2 O-O 7. Nf3 e6 8. O-O exd5 9. cxd5 Re8 10. Re1 a6 11. a4 Bf5 12. Nd2 Bg4 13. h3 Bd7 14. Nc4 Bf8 15. Bf4 Qc7 16. e4 Nh5 17. Be3 Bc8 18. g4 Nf6 19. Bf4 Nbd7 20. a5 b5 21. axb6 Nxb6 22. Na5 Nfd7 23. Bg3 Bg7 24. f4 c4 25. Nc6 Bb7 26. e5 Nc5 27. f5 dxe5 28. d6 Qd7 29. Ne7+ Rxe7 30. dxe7 Qxe7 31. Bf2 Bxg2 32. Kxg2 Nd3 33. Bxb6 Rb8 34. Bf2 Rxb2 35. Rf1 e4 36. Nd5 Qc5 37. Ne7+ Qxe7 38. Rb1 e3 39. Rxb2 Bxb2 40. Bg1 e2 0-1


[Site "https://www.chess.com"]

[Event "Titled Tuesday Blitz October 04 Early 2022"]
[White "Beerdsen, Thomas"]
[Black "Ohanyan, Emin"]
[WhiteFideId "1030108"]
[BlackFideId "13312022"]
[WhiteElo "2567"]
[BlackElo "2302"]
[Result "0-1"]
[Round "08"]
[TimeControl "180+1"]
[Date "2022.10.04"]
[WhiteClock "0:00:28"]
[BlackClock "0:00:03"]

1. e4 e5 2. Bc4 Nf6 3. d3 c6 4. Nf3 d5 5. Bb3 Bb4+ 6. Bd2 Bxd2+ 7. Nbxd2 Qd6 8. O-O O-O 9. Re1 Bg4 10. h3 Bxf3 11. Qxf3 Nbd7 12. Qg3 Nh5 13. Qh4 Nf4 14. exd5 cxd5 15. Nf3 Ng6 16. Qg3 f5 17. d4 f4 18. Qg5 Rae8 19. dxe5 Ngxe5 20. Nxe5 Nxe5 21. Rad1 Kh8 22. Qh5 d4 23. Re4 f3 24. g3 g6 25. Qh4 Nc6 26. Rde1 Rxe4 27. Qxe4 Kg7 28. Ba4 Rf7 29. h4 Re7 30. Bxc6 Rxe4 31. Bxe4 Qe6 32. b3 Kf6 33. a4 a5 34. Kh2 h6 35. Kg1 g5 36. hxg5+ Kxg5 37. Kh2 h5 38. b4 axb4 39. a5 Qe8 40. Kg1 Qe6 41. Kh2 h4 42. gxh4+ Kxh4 43. Rh1 Qxe4 0-1


[Site "https://www.chess.com"]

[Event "Titled Tuesday Blitz October 04 Early 2022"]
[White "Bharath Subramaniyam H"]
[Black "Bortnyk, Mykola"]
[WhiteFideId "46634827"]
[BlackFideId "14120836"]
[WhiteElo "2395"]
[BlackElo "2582"]
[Result "1-0"]
[Round "08"]
[TimeControl "180+1"]
[Date "2022.10.04"]
[WhiteClock "0:00:10"]
[BlackClock "0:00:01"]

1. c4 e5 2. Nf3 Nc6 3. d4 e4 4. Ng5 d5 5. Nc3 Bb4 6. a3 Bxc3+ 7. bxc3 h6 8. cxd5 Qxd5 9. Nh3 Bxh3 10. gxh3 Nge7 11. Rg1 Ng6 12. e3 Qf5 13. Qg4 Nce7 14. Qxf5 Nxf5 15. Rg4 Nd6 16. c4 h5 17. Rg5 O-O-O 18. c5 Ne8 19. Bc4 Nh4 20. Ke2 Nf3 21. Rg3 h4 22. Rg4 Kb8 23. Rxe4 Ng1+ 24. Kf1 Nxh3 25. Rg4 g5 26. Bxf7 Nf6 27. Rg2 Rhf8 28. Be6 g4 29. Bd2 Rde8 30. Bf5 Ne4 31. Bxe4 Rxe4 32. Rb1 c6 33. Rb4 Ng5 34. f4 Nf3 35. Ke2 Rg8 36. Rxg4 Ng1+ 37. Kd3 Rxg4 38. Kxe4 Rg2 39. Be1 h3 40. f5 a5 41. Rb1 Kc8 42. f6 Ne2 43. f7 Nc3+ 44. Bxc3 Rf2 45. Rg1 Rxf7 46. Rg3 1-0


[Site "https://www.chess.com"]

[Event "Titled Tuesday Blitz October 04 Early 2022"]
[White "Bortnyk, Olexandr"]
[Black "Jones, Gawain C B"]
[WhiteFideId "14120828"]
[BlackFideId "409561"]
[WhiteElo "2723"]
[BlackElo "2657"]
[Result "0-1"]
[Round "08"]
[TimeControl "180+1"]
[Date "2022.10.04"]
[WhiteClock "0:00:01"]
[BlackClock "0:00:11"]

1. d4 Nf6 2. Nc3 d5 3. Bf4 g6 4. e3 Bg7 5. h4 h5 6. Nb5 Na6 7. Nf3 O-O 8. Ne5 Ng4 9. Nf3 c6 10. Nc3 Qb6 11. Rb1 Bf5 12. Bd3 Bxd3 13. cxd3 Nb8 14. Bg3 Nd7 15. O-O a5 16. a3 e5 17. dxe5 Ndxe5 18. d4 Nxf3+ 19. gxf3 Nh6 20. b4 axb4 21. Rxb4 Qd8 22. Rxb7 Nf5 23. a4 Nxh4 24. Bxh4 Qxh4 25. f4 g5 26. fxg5 Qxg5+ 27. Kh2 Qh4+ 28. Kg2 Qg5+ 29. Kh2 c5 30. Qf3 cxd4 31. Nxd5 dxe3 32. fxe3 Rxa4 33. Nf4 Ra2+ 34. Kh3 Re8 0-1


[Site "https://www.chess.com"]

[Event "Titled Tuesday Blitz October 04 Early 2022"]
[White "Duda, Jan-Krzysztof"]
[Black "Shimanov, Aleksandr"]
[WhiteFideId "1170546"]
[BlackFideId "4198603"]
[WhiteElo "2779"]
[BlackElo "2605"]
[Result "1-0"]
[Round "08"]
[TimeControl "180+1"]
[Date "2022.10.04"]
[WhiteClock "0:01:00"]
[BlackClock "0:00:25"]

1. e4 d5 2. exd5 Qxd5 3. Nc3 Qe5+ 4. Be2 Bg4 5. d4 Bxe2 6. Ngxe2 Qa5 7. O-O Nf6 8. b3 Nc6 9. a4 O-O-O 10. Nb5 e5 11. Bd2 Qb6 12. c4 exd4 13. a5 Qc5 14. a6 Qh5 15. axb7+ Kxb7 16. b4 a5 17. bxa5 d3 18. a6+ Ka8 19. Nxc7+ Kb8 20. Qb3+ Kxc7 21. Bf4+ Rd6 22. Qb7+ Kd8 23. a7 Nxa7 24. Rxa7 Rd7 25. Qb8+ Ke7 26. Qd6+ Kd8 27. Ra8# 1-0


[Site "https://www.chess.com"]

[Event "Titled Tuesday Blitz October 04 Early 2022"]
[White "Girel, Joseph"]
[Black "Gabrielian, Artur"]
[WhiteFideId "36033561"]
[BlackFideId "4131002"]
[WhiteElo "2281"]
[BlackElo "2432"]
[Result "1/2-1/2"]
[Round "08"]
[TimeControl "180+1"]
[Date "2022.10.04"]
[WhiteClock "0:00:21"]
[BlackClock "0:00:08"]

1. d4 Nf6 2. c4 c5 3. d5 e6 4. Nc3 exd5 5. cxd5 d6 6. Nf3 g6 7. Bf4 Bg7 8. Qa4+ Bd7 9. Qb3 b5 10. Bxd6 Qb6 11. Be5 O-O 12. e3 c4 13. Qd1 b4 14. Nb1 Rc8 15. Be2 Qa5 16. Nbd2 c3 17. Nc4 Qxd5 18. bxc3 bxc3 19. Bxc3 Be6 20. Qxd5 Bxd5 21. Rd1 Nbd7 22. Nfd2 Bxg2 23. Rg1 Bd5 24. Bd4 Rab8 25. Bxa7 Ra8 26. Bd4 Rxa2 27. Rg5 Bxc4 28. Bxc4 Rxd2 29. Rxd2 Rxc4 30. Ra2 h6 31. Rb5 Rc8 32. Ra7 Nf8 33. Rbb7 N6d7 34. Rxd7 Nxd7 35. Rxd7 Bxd4 36. Rxd4 Rc1+ 37. Ke2 Rh1 38. h4 h5 39. Kf3 Kg7 40. Kg2 Ra1 41. Kg3 Ra6 42. f3 Kf6 43. e4 Ke6 44. Rd5 Kf6 45. Rb5 Kg7 46. Kf4 Ra1 47. Rb7 Rg1 48. Rc7 Kf6 49. Ra7 Rh1 50. Kg3 Kg7 51. e5 Re1 52. f4 Re3+ 53. Kg2 Kf8 54. Ra6 Ke7 55. Ra7+ Ke6 56. Ra6+ Ke7 57. Ra7+ Ke8 58. Ra8+ Ke7 59. Ra7+ 1/2-1/2


[Site "https://www.chess.com"]

[Event "Titled Tuesday Blitz October 04 Early 2022"]
[White "Harsha Bharathakoti"]
[Black "Leiva, Gianmarco"]
[WhiteFideId "5078776"]
[BlackFideId "3804399"]
[WhiteElo "2523"]
[BlackElo "2285"]
[Result "1-0"]
[Round "08"]
[TimeControl "180+1"]
[Date "2022.10.04"]
[WhiteClock "0:00:17"]
[BlackClock "0:00:01"]

1. Nf3 Nf6 2. g3 d5 3. Bg2 e6 4. O-O Be7 5. c4 O-O 6. d4 c6 7. b3 Nbd7 8. Nc3 Nb6 9. Qd3 Bd7 10. Bb2 a5 11. e4 a4 12. e5 Ne8 13. c5 a3 14. Bc1 Nc8 15. b4 Nc7 16. Rb1 Na7 17. Ne2 Nab5 18. h4 f5 19. exf6 Bxf6 20. Bf4 Be8 21. Qd2 Bg6 22. Rbe1 Be4 23. Ne5 Bxe5 24. Bxe5 Bxg2 25. Kxg2 Qd7 26. Nf4 Na6 27. Re3 Rf7 28. Nd3 Raf8 29. f3 Rf5 30. g4 R5f7 31. Bg3 Rf6 32. Ne5 Qe8 33. h5 Nb8 34. Rh1 Nd7 35. Nxd7 Qxd7 36. Be5 R6f7 37. h6 g6 38. Rh3 Qe7 39. Rd3 Ra8 40. Rh1 Ra4 41. Re1 Kf8 42. Re2 Ra8 43. Rde3 Re8 44. Bg7+ Kg8 45. Qe1 Rxg7 46. Rxe6 Qxe6 47. Rxe6 Rge7 48. Rxe7 1-0


[Site "https://www.chess.com"]

[Event "Titled Tuesday Blitz October 04 Early 2022"]
[White "Kamsky, Gata"]
[Black "Boros, Denes"]
[WhiteFideId "2000024"]
[BlackFideId "722340"]
[WhiteElo "2666"]
[BlackElo "2464"]
[Result "1-0"]
[Round "08"]
[TimeControl "180+1"]
[Date "2022.10.04"]
[WhiteClock "0:00:45"]
[BlackClock "0:00:04"]

1. d4 c6 2. Bf4 Qb6 3. b3 d6 4. e3 g6 5. Nf3 Bg7 6. Nbd2 Nd7 7. h3 Ngf6 8. Bh2 c5 9. c3 O-O 10. Bd3 Qc7 11. O-O b6 12. e4 e5 13. dxe5 Nxe5 14. Nxe5 dxe5 15. Nc4 Nh5 16. Ne3 Nf4 17. Bc4 Be6 18. a4 Rad8 19. Qc2 Bh6 20. Rfd1 Qe7 21. Rxd8 Qxd8 22. Rd1 Qg5 23. Kh1 Bxc4 24. bxc4 Kh8 25. Rd7 a6 26. Bg3 Nh5 27. Bh2 Bg7 28. Qd1 f5 29. Qd6 Nf6 30. Rxg7 Kxg7 31. Bxe5 Kg8 32. f4 Qh4 33. Qe6+ Rf7 34. Nd5 Nxe4 35. Qe8+ Rf8 36. Ne7+ 1-0


[Site "https://www.chess.com"]

[Event "Titled Tuesday Blitz October 04 Early 2022"]
[White "Kravtsiv, Martyn"]
[Black "Eljanov, Pavel"]
[WhiteFideId "14113147"]
[BlackFideId "14102951"]
[WhiteElo "2694"]
[BlackElo "2601"]
[Result "1-0"]
[Round "08"]
[TimeControl "180+1"]
[Date "2022.10.04"]
[WhiteClock "0:00:35"]
[BlackClock "0:00:26"]

1. e4 c6 2. Nf3 d5 3. d3 g6 4. e5 Bg7 5. d4 f6 6. c4 fxe5 7. Nxe5 Nh6 8. cxd5 cxd5 9. Bxh6 Bxh6 10. Bb5+ Nd7 11. Qf3 Rf8 12. Qxd5 a6 13. Bxd7+ Bxd7 14. Nc3 Qc7 15. Nxd7 Qxd7 16. Qxd7+ Kxd7 17. Rd1 Rac8 18. Ke2 Rf6 19. Rd3 Rb6 20. b3 Rbc6 21. Ne4 Rc2+ 22. Kf3 Rxa2 23. Re1 b6 24. g4 a5 25. d5 Bg7 26. d6 e6 27. Kg2 Rcc2 28. Rf3 Bd4 29. Rf7+ Kd8 30. Rd1 e5 31. Kh3 Re2 32. Rxd4 exd4 33. Nf6 1-0


[Site "https://www.chess.com"]